 Dungeon Crawl Stone Soup version 0.28-a0-730-g892d06dc2c (webtiles) character file.

Game seed: 9508104600194782790

309162 lawman0 the Stormcaller (level 21, -3/173 HPs)
             Began as a Barachi Warper on Oct 27, 2021.
             Was an Initiate of Gozag.
             Slain by a red ugly thing (23 damage)
             ... led by a wizard
             ... on level 3 of the Vaults on Oct 28, 2021.
             The game lasted 03:00:41 (67368 turns).

lawman0 the Stormcaller (Barachi Warper)           Turns: 67368, Time: 03:00:42

Health: -3/173     AC: 23    Str: 23    XL:     21   Next: 59%
Magic:  17/52      EV: 14    Int: 23    God:    Gozag
Gold:   1882       SH:  6    Dex: 13    Spells: 7/56 levels left

rFire   . . .      SeeInvis .   b - staff of air
rCold   + . .      Faith    .   N - +0 buckler {AC+3}
rNeg    + . .      Spirit   .   X - +1 ring mail "Xusus" {rN+ Regen+}
rPois   +          Reflect  .   t - +2 helmet
rElec   +          Harm     .   h - +2 cloak {Will+}
rCorr   .          Rampage  .   S - +2 pair of gloves of Going Fast {*Slow rPois rC+ Str+9}
Will    ++...      Clarity  +   Q - +2 pair of boots {Fly}
Stlth   ++........              F - amulet of the acrobat
HPRegen 1.38/turn               r - ring "Dedute Juemi" {Fly rPois MP+9}
MPRegen 0.33/turn               U - ring of wizardry

@: gold aura, flying, slow
A: amphibious, slowness 1, strong legs 2, +LOS, clarity, clever 1
}: 1/15 runes: gossamer
a: Hop, Renounce Religion, Potion Petition, Call Merchant, Bribe Branch


You were on level 3 of the Vaults.
You worshipped Gozag.
Gozag was most pleased with you.
You visited 7 branches of the dungeon, and saw 33 of its levels.
You visited the Abyss 2 times.
You also visited: Sewer and Ice Cave.

You collected 14483 gold pieces.
You spent 5955 gold pieces at shops.
You paid 6646 gold pieces to Gozag.

Inventory:

Hand Weapons
 a - a +8 double sword of flaming
 A - a +1 hunting sling
Missiles
 g - 250 sling bullets
 i - 104 poisoned darts
 y - 2 curare-tipped darts (quivered)
 G - 6 boomerangs
 P - 6 throwing nets
Armour
 h - a +2 cloak of willpower (worn)
 t - a +2 helmet (worn)
 N - a +0 buckler of protection (worn)
 Q - a +2 pair of boots of flying (worn)
 S - the +2 pair of gloves of Going Fast (worn) {*Slow rPois rC+ Str+9}
   (You bought it in a shop on level 8 of the Dungeon)

   Str:       It affects your strength (+9).
   rC:        It protects you from cold.
   rPois:     It protects you from poison.
   *Slow:     It may slow you when you take damage.
 X - the +1 ring mail "Xusus" (worn) {rN+ Regen+}
   (You bought it in a shop on level 8 of the Dungeon)

   rN:        It protects you from negative energy.
   Regen:     It increases your rate of health regeneration.
Magical Staves
 b - a staff of air (weapon)
Jewellery
 r - the ring "Dedute Juemi" (left hand) {Fly rPois MP+9}
   (You found it in an ice cave)

   [ring of flight]

   rPois:     It protects you from poison.
   MP:        It affects your magic capacity (+9).
   Fly:       It grants you flight.
 E - an amulet of regeneration
 F - an amulet of the acrobat (around neck)
 K - a +4 ring of slaying
 R - a ring of resist corrosion
 U - a ring of wizardry (right hand)
 W - a ring of protection from fire
Wands
 e - a wand of polymorph (16)
 l - a wand of digging (6)
 q - a wand of flame (29)
 s - a wand of mindburst (25)
 T - a wand of paralysis (18)
 V - a wand of iceblast (6)
Scrolls
 c - 4 scrolls of blinking
 m - 5 scrolls of fear
 v - a scroll of enchant armour
 x - 2 scrolls of fog
 C - a scroll of silence
 H - a scroll of summoning
 I - 8 scrolls of teleportation
 J - 7 scrolls of immolation
 L - a scroll of holy word
 O - 14 scrolls of identify
Potions
 d - 4 potions of cancellation
 f - 3 potions of haste
 k - 6 potions of ambrosia
 n - 3 potions of might
 o - 5 potions of mutation
 p - 13 potions of curing
 u - 3 potions of brilliance
 w - 3 potions of attraction
 z - 3 potions of invisibility
 B - 9 potions of heal wounds
 D - 3 potions of resistance
Miscellaneous
 j - a phial of floods (inert)
 M - a condenser vane (inert)
 Y - a phantom mirror (inert)
 Z - a tin of tremorstones (2/2)


   Skills:
 * Level 16.8 Fighting
 + Level 12.4 Long Blades
 + Level 4.1 Throwing
 + Level 7.0 Armour
 + Level 8.9 Dodging
 + Level 5.0 Stealth
 + Level 7.8 Shields
 + Level 18.1 Spellcasting
 + Level 10.5 Conjurations
 + Level 3.3 Hexes
 + Level 8.4 Summonings
 + Level 1.0 Necromancy
 + Level 11.3 Translocations
 + Level 2.9 Transmutations
 + Level 2.9 Fire Magic
 + Level 3.2 Ice Magic
 + Level 19.2 Air Magic
 + Level 5.2 Poison Magic
 + Level 3.0 Evocations


You had 7 spell levels left.
You knew the following spells:

 Your Spells              Type           Power      Damage    Failure   Level
a - Blink                 Tloc           100%       N/A       1%          2
b - Maxwell's Capacitive  Air            52%        ∞         3%          8
c - Olgreb's Toxic Radia  Pois           44%        N/A       1%          4
d - Apportation           Tloc           100%       N/A       1%          1
e - Airstrike             Air            52%        N/A       0%          4
f - Summon Lightning Spi  Summ/Air       91%        N/A       1%          4
g - Dispersal             Tloc           32%        N/A       1%          6
h - Cause Fear            Hex            18%        N/A       3%          4
i - Conjure Ball Lightni  Conj/Air       47%        3x3d16    1%          6
j - Passwall              Tmut/Erth      22%        N/A       1%          2
k - Swiftness             Air            100%       N/A       0%          3
l - Manifold Assault      Tloc           65%        N/A       1%          5

Your spell library contained the following spells:

 Spells                   Type           Power      Damage    Failure   Level
 Static Discharge         Conj/Air       94%        N/A       0%          2
 Animate Skeleton         Necr           50%        N/A       1%          1
 Pain                     Necr           100%       1d9       1%          1
 Sting                    Tmut/Pois      100%       1d8       1%          1
 Summon Small Mammal      Summ           100%       N/A       1%          1
 Ensorcelled Hibernation  Hex/Ice        70%        N/A       1%          2
 Poisonous Vapours        Pois/Air       100%       N/A       1%          2
 Slow                     Hex            36%        N/A       1%          2
 Confusing Touch          Hex            36%        N/A       1%          3
 Gell's Gravitas          Tloc           32%        N/A       1%          3
 Inner Flame              Hex/Fire       35%        N/A       1%          3
 Lesser Beckoning         Tloc           65%        N/A       1%          3
 Mephitic Cloud           Conj/Pois/Air  84%        N/A       1%          3
 Portal Projectile        Hex/Tloc       100%       N/A       1%          3
 Spider Form              Tmut/Pois      19%        N/A       1%          3
 Summon Guardian Golem    Hex/Summ       48%        N/A       1%          3
 Teleport Other           Tloc           65%        N/A       1%          3
 Tukima's Dance           Hex            36%        N/A       1%          3
 Iskenderun's Battlesphe  Conj           62%        2d11      1%          5
 Lightning Bolt           Conj/Air       47%        1d67      1%          5
 Vampiric Draining        Necr           12%        2d7       2%          3
 Fireball                 Conj/Fire      25%        3d11      2%          5
 Leda's Liquefaction      Hex/Erth       14%        N/A       8%          4
 Blade Hands              Tmut           17%        N/A       12%         5
 Orb of Destruction       Conj           31%        9d12      16%         7
 Agony                    Necr           25%        N/A       26%         5
 Excruciating Wounds      Necr           12%        N/A       26%         5
 Lee's Rapid Deconstruct  Erth           10%        3d9*      36%         5
 Invisibility             Hex            18%        N/A       45%         6
 Statue Form              Tmut/Erth      18%        N/A       73%         6
 Discord                  Hex            18%        N/A       100%        8


Dungeon Overview and Level Annotations

Branches:
Dungeon (15/15)            Temple (1/1) D:7            Lair (6/6) D:8
 Shoals (0/4) Lair:4       Spider (4/4) Lair:3        Slime (0/5) Lair:6
    Orc (2/2) D:11            Elf (2/3) Orc:2        Vaults (3/5) D:14
 Depths (0/4) D:15          Sewer (visited)           IceCv (visited)
  Crypt: Vaults:2-3

Altars:
Ashenzari
Cheibriados
Dithmenos
Elyvilon
Fedhas
Gozag
Hepliaklqana
Kikubaaqudgha
Makhleb
Nemelex Xobeh
Okawaru
Qazlal
Ru
Sif Muna
Trog
Uskayaw
Vehumet
Wu Jian
Xom
Yredelemnul
Zin
The Shining One
Beogh
Lugonu

Shops:
D:3 [(*[   D:8 !*[   D:9 ?!   D:11 (   D:14 [*[   D:15 :   Orc:1 *
Orc:2 ?[(:*   Elf:1 =*:*(   Elf:2 [   Vaults:1 !:

Portals:
Abyss: Lair:6

Annotations:
D:15 exclusion: fire giant
Lair:4 exclusion: oklob plant


Innate Abilities, Weirdness & Mutations

You are amphibious.
You cover ground slowly.
You can hop long distances.
You have an extended range of vision and can be seen from far away.
You possess an exceptional clarity of mind.
Your mind is acute. (Int +2)


Message History

The dire elephant is engulfed in acidic fog.
The dire elephant seems to be corroded for longer.
You kill the dire elephant!
The dire elephant is engulfed in acidic fog.
A spatial vortex comes into view.
The hellephant breathes flames at you. The blast of flame hits you!!
The dire elephant trumpets!
Unknown command.
You feel charge building up...
The smoke demon roars!
You hear a trumpeting!
The smoke demon is no longer distracted by gold.
The purple draconian shifter casts a spell.
The purple draconian shifter blinks!
The dire elephant is engulfed in acidic fog.
The dire elephant seems to be corroded for longer.
The hellephant breathes flames at you. The blast of flame hits you!!!!
Ouch! That really hurt!
* * * LOW HITPOINT WARNING * * *
The hellephant is distracted by your dazzling golden aura.
The hellephant trumpets!
The insufficient charge dissipates harmlessly.
The spatial vortex is engulfed in acidic fog.
The acid corrodes the spatial vortex!
The smoke demon gestures at you. Something smites you!
* * * LOW HITPOINT WARNING * * *
The purple draconian shifter is engulfed in acidic fog.
The acid corrodes the purple draconian shifter!
The hellephant blinks!
The dire elephant is engulfed in acidic fog.
The dire elephant seems to be corroded for longer.
The spatial vortex is engulfed in acidic fog.
You pass through the gate.
Welcome back to the Vaults!
The red ugly thing gores you.
* * * LOW HITPOINT WARNING * * *
You are engulfed in flames!!
You die...
Your body crumbles into a pile of gold.

##.(.......##p.....#
#......p...#.......#
#.........##.......#
#+#.......#........#
###....##........#
#'#..#.........#
..####.........#
...#........Y...#
#........u@..#
#....$....u..#
#..$.$.......#
#..$$........#
#######.u..........#
.§...{..up.........#
..$[....$..........#
++####.............#
#..########...#


You could see a hellephant, 4 ugly things, a vault sentinel and a wizard.

Vanquished Creatures
  Boris (Vaults:2)
  Jorgrun (Elf:2)
  A lich (Abyss:2)
  Frances (Spider:1)
  2 tentacled starspawn
  Gastronok (Lair:1)
  A tengu reaver (Vaults:3)
  A fire giant (D:15)
  3 vault wardens
  3 deep elf sorcerers
  5 ghost moths
  8 emperor scorpions
  3 orc warlords
  A draconian shifter (Abyss:3)
  7 ironbound preservers (Vaults:1)
  6 very ugly things
  A deep elf demonologist (Elf:1)
  2 spark wasps (Spider:3)
  A deep elf annihilator (Vaults:1)
  Azrael (Spider:3)
  4 entropy weavers
  4 dire elephants (Abyss:3)
  3 ettins
  A fire dragon (D:15)
  3 deep elf high priests
  Harold (Orc:1)
  Fannar (Lair:3)
  2 yaktaur captains
  8 hydras
  Erolcha (Orc:2)
  3 vault guards
  3 ironbound thunderhulks (Vaults:1)
  3 boulder beetles
  An ice dragon (IceCv)
  A rakshasa (D:15)
  A catoblepas (D:13)
  4 ironbound frosthearts
  2 ogre magi (Orc:2)
  13 centaur warriors
  The ghost of pigah the Zephyrmancer, a journeyman OpWn of Sif Muna (D:10)
  4 two-headed ogres
  5 death yaks
  3 tengu warriors (D:14)
  A death knight (D:14)
  Nergalle (Orc:2)
  3 thrashing horrors
  15 deep elf knights
  A fire crab (shapeshifter) (D:14)
  A shadow wraith (Abyss:3)
  A skeletal warrior (Vaults:3)
  6 large abominations
  8 orc knights
  7 ironbound convokers
  4 wizards
  15 deep trolls (Vaults:1)
  A glowing orange brain (Vaults:3)
  7 lindwurms
  5 deep elf archers
  3 spectral wolf spiders (Spider:3)
  5 wolf spider zombies (Spider:3)
  A necromancer (Vaults:2)
  19 orb spiders
  22 deep elf pyromancers
  13 ugly things
  An oklob plant (Lair:4)
  7 manticores
  7 orc sorcerers (Orc:2)
  29 wolf spiders
  2 moths of wrath
  15 deep elf zephyrmancers
  The ghost of dolemite99 the Skirmisher, a novice GrMo of Uskayaw (D:5)
  2 worldbinders
  3 cyclopes
  4 black mambas
  8 vault sentinels
  4 elephants
  2 ice statues (IceCv)
  An orange demon (Abyss:3)
  Joseph (D:7)
  A gargoyle (D:12)
  4 cane toads
  2 smoke demons (Lair:6)
  2 torpor snails (Spider:1)
  2 tengu conjurers
  3 rime drakes
  6 komodo dragons
  16 demonic crawlers
  An efreet (D:14)
  4 ancient zymes
  9 yaktaurs
  27 jumping spiders
  A queen bee (Lair:4)
  2 trolls
  3 meliai
  19 slime creatures
  A polar bear (Lair:5)
  4 raiju
  5 wolf spider simulacra (Spider:3)
  3 hornets
  15 blink frogs
  82 redbacks
  2 spriggans (Lair:6)
  A shadow (D:11)
  6 air elementals
  5 wyverns
  3 ynoxinuls
  A tarantella (shapeshifter) (D:13)
  4 wraiths
  Sigmund (D:5)
  A water elemental (Elf:1)
  20 yaks
  29 tarantellas
  3 basilisks
  2 neqoxecs
  Eustachio (D:5)
  2 chaos spawn
  3 steam dragons
  6 fire elementals
  A spatial vortex (Abyss:3)
  3 wargs
  10 small abominations
  9 water moccasins
  An acid dragon (D:13)
  5 hell hounds (Spider:3)
  16 orc warriors
  3 black bears
  2 swamp drakes
  2 ice beasts (D:6)
  10 ogres
  A hornet zombie (D:6)
  A boggart (D:14)
  2 necrophages
  10 centaurs
  3 kobold brigands
  Blork the orc (D:4)
  9 bullfrogs
  2 cane toad simulacra (Lair:4)
  An earth elemental (Elf:1)
  3 scorpions
  15 killer bees
  2 lindwurm simulacra (IceCv)
  A wight (Abyss:2)
  A vampire bat (Lair:4)
  7 howler monkeys
  2 electric eels
  A jelly (D:7)
  5 centaur zombies
  9 komodo dragon simulacra (IceCv)
  Crazy Yiuf (D:4)
  4 gnoll shamans
  4 hounds
  11 orc priests
  3 bullfrog skeletons
  2 centaur skeletons
  4 iguanas
  38 orc wizards
  4 hell rats (Lair:5)
  2 wolf simulacra (Lair:4)
  A hound skeleton (D:5)
  A howler monkey zombie (D:7)
  17 gnolls
  8 river rats
  4 acid dragon simulacra (IceCv)
  10 adders
  A shadow imp (Abyss:2)
  3 white imps
  3 steam dragon simulacra (IceCv)
  An adder skeleton (D:3)
  3 worms (D:4)
  2 dart slugs (D:1)
  60 orcs
  16 ball pythons
  6 endoplasms
  2 giant cockroaches
  6 goblins
  8 hobgoblins
  3 jackals (D:1)
  4 quokkas
  7 bats
  6 frilled lizards
  22 kobolds
  29 rats
  A spectral orc (D:14)
  A ball lightning (Elf:2)
  3 starspawn tentacles (Abyss:2)
1089 creatures vanquished.

Vanquished Creatures (collateral kills)
  2 hydras
  2 boulder beetles
  2 vault guards (D:14)
  A two-headed ogre (D:14)
  2 death yaks
  A tengu warrior (D:14)
  A thrashing horror (Lair:6)
  A deep elf knight (Elf:1)
  A wretched star (Abyss:3)
  2 deep trolls (Vaults:1)
  A swamp dragon (shapeshifter) (Lair:6)
  A lindwurm (Lair:6)
  A manticore (Lair:5)
  3 deep elf pyromancers
  2 ugly things (D:15)
  6 slime creatures
  2 cyclopes (D:14)
  A wolf spider (Spider:1)
  11 elephants (Lair:6)
  A black mamba (Lair:6)
  14 cane toads
  8 rime drakes
  5 komodo dragons
  An ancient zyme (Lair:6)
  A tengu conjurer (D:14)
  3 meliai
  A snapping turtle (Lair:4)
  21 blink frogs
  3 wyverns
  A tarantella (Spider:2)
  25 yaks
  7 basilisks
  A vampire mosquito (D:14)
  2 water moccasins (Lair:5)
  A large abomination (Lair:6)
  5 small abominations (Lair:6)
  An ogre (Orc:2)
  3 bullfrogs (Lair:5)
  A cane toad simulacrum (Lair:4)
  A lindwurm simulacrum (IceCv)
  12 killer bees (Lair:4)
  A vampire bat (Lair:4)
  5 hell rats (Lair:5)
  2 orc wizards (Orc:2)
  A polar bear simulacrum (Lair:4)
  An acid dragon simulacrum (IceCv)
  A steam dragon simulacrum (IceCv)
  A dart slug (D:15)
  An orc (Orc:2)
  3 bats (Lair:4)
  8 ball lightnings
185 creatures vanquished.

Vanquished Creatures (others)
  27 dancing weapons
  A deep elf knight (Elf:2)
  2 deep elf zephyrmancers (Elf:1)
  An orb spider (Spider:3)
  A fire elemental (Elf:2)
  A sky beast (D:5)
  A jelly (D:6)
  411 ball lightnings
  A fire vortex (Lair:1)
  47 fungi
  54 plants
  15 starspawn tentacles
562 creatures vanquished.

Grand Total: 1836 creatures vanquished

Notes
Turn   | Place    | Note
-------+----------+-------------------------------------------
     0 | D:1      | lawman0 the Barachi Warper began the quest for the Orb.
     0 | D:1      | Reached XP level 1. HP: 17/17 MP: 3/3
    44 | D:1      | Reached XP level 2. HP: 2/23 MP: 5/5
   397 | D:1      | Learned a level 2 spell: Blink
   400 | D:1      | Learned a level 2 spell: Static Discharge
   849 | D:1      | Reached XP level 3. HP: 18/28 MP: 3/6
  1272 | D:2      | Found an ornate altar of the Wu Jian Council.
  1276 | D:2      | Found a faded altar of an unknown god.
  1881 | D:3      | Found Ygif's Antique Armour Shop.
  1983 | D:3      | Found Coffy's Assorted Antiques.
  1990 | D:3      | Bought a scroll labelled QIKEOS LUAFUNT for 24 gold pieces
  2176 | D:3      | Reached XP level 4. HP: 29/34 MP: 7/7
  2265 | D:3      | Found Vigeih's Weapon Shop.
  2788 | D:3      | Found Jibize's Antique Armour Shop.
  3043 | D:3      | Learned a level 3 spell: Teleport Other
  3156 | D:4      | Reached skill level 1 in Air Magic
  3265 | D:3      | Reached XP level 5. HP: 27/41 MP: 8/8
  3528 | D:4      | Reached skill level 1 in Conjurations
  3588 | D:4      | Found a glowing drain.
  3593 | Sewer    | Entered a sewer
  3887 | Sewer    | Reached XP level 6. HP: 38/48 MP: 9/9
  4084 | Sewer    | Reached skill level 2 in Air Magic
  5055 | D:4      | Reached skill level 5 in Long Blades
  5055 | D:4      | Reached XP level 7. HP: 23/53 MP: 3/10
  5421 | D:4      | Noticed Blork the orc
  5435 | D:4      | Killed Blork the orc
  5436 | D:4      | Reached skill level 3 in Air Magic
  5441 | D:4      | Found a runed translucent door.
  5442 | D:4      | Noticed Crazy Yiuf
  5678 | D:4      | Killed Crazy Yiuf
  5679 | D:4      | Reached skill level 1 in Stealth
  5952 | D:5      | Entered Level 5 of the Dungeon
  6628 | D:5      | Noticed Sigmund
  6864 | D:5      | Reached XP level 8. HP: 53/60 MP: 4/12
  6866 | D:5      | Noticed Eustachio
  7014 | D:5      | Killed Eustachio
  7015 | D:5      | Reached skill level 5 in Translocations
  7907 | D:5      | Killed Sigmund
  7908 | D:5      | Reached skill level 4 in Air Magic
  8370 | D:6      | Found a runed translucent gate.
  8370 | D:6      | Found a runed translucent gate.
  8371 | D:6      | Noticed dolemite99's ghost (novice GrMo)
  8674 | D:6      | Reached XP level 9. HP: 45/67 MP: 7/14
 10316 | D:6      | Found a runed translucent gate.
 10814 | D:7      | Found a blossoming altar of Fedhas.
 11073 | D:7      | Found a staircase to the Ecumenical Temple.
 11128 | Temple   | Entered the Ecumenical Temple
 11334 | Temple   | Became a worshipper of Gozag Ym Sagoz the Greedy
 11487 | D:7      | Found an iron altar of Okawaru.
 11503 | D:7      | Reached skill level 5 in Air Magic
 12013 | D:7      | Reached skill level 5 in Conjurations
 12155 | D:7      | Noticed Joseph
 12234 | D:6      | Reached XP level 10. HP: 52/73 MP: 5/16
 12670 | D:3      | Bought a glowing leather armour for 100 gold pieces
 13012 | D:7      | Killed Joseph
 13013 | D:7      | Reached skill level 5 in Fighting
 13504 | D:8      | Found a burning altar of Makhleb.
 13960 | D:8      | Found a stormy altar of Qazlal.
 14104 | D:8      | Found Xofi's Distillery.
 14723 | D:9      | Noticed a two-headed ogre
 15121 | D:9      | Killed a two-headed ogre
 15122 | D:9      | Reached skill level 6 in Air Magic
 15137 | D:9      | Learned a level 5 spell: Lightning Bolt
 15502 | D:9      | Found Qub Fuugg's Distillery.
 15511 | D:9      | Bought a potion of heal wounds for 85 gold pieces
 15511 | D:9      | hgnhhhhhhhhhhhhhhhhhhhhhhhhhhhhhhhhhhhhhhhhhhhhhhhhhhhhhhhh
                  | hhhhhhhhhhhhhhhhhhhhhhhhhhhhhhhhhhh
 15511 | D:9      | Bought a potion of curing for 51 gold pieces
 15540 | D:9      | Reached skill level 5 in Spellcasting
 15540 | D:9      | Reached skill level 1 in Evocations
 15892 | D:10     | Entered Level 10 of the Dungeon
 15916 | D:10     | Identified the +10 falchion of the Sea {venom, Fly rC- rN++
                  | Int+4}
 15936 | D:10     | haha what the fuck is this
 16384 | D:10     | Found a hazy altar of Hepliaklqana.
 16429 | D:10     | Found a sparkling altar of Nemelex Xobeh.
 16435 | D:10     | Reached XP level 11. HP: 80/80 MP: 9/18
 16810 | D:10     | Found a runed translucent door.
 16810 | D:10     | Noticed pigah's ghost (journeyman OpWn)
 16829 | D:11     | Noticed an orc knight
 16832 | D:10     | nope
 16851 | D:11     | Found a staircase to the Orcish Mines.
 16853 | D:11     | Found Jiast's Antique Weapon Shop.
 16872 | D:11     | Bought a transparent scimitar for 297 gold pieces
 16872 | D:11     | Identified the +6 scimitar "Hudaer" {antimagic, rF+} (You
                  | bought it in a shop on level 11 of the Dungeon)
 16872 | D:11     | >:(
 17130 | D:11     | Noticed a manticore
 17143 | D:11     | Killed a manticore
 17144 | D:11     | Reached skill level 5 in Dodging
 17625 | D:11     | Noticed a centaur warrior
 17783 | D:11     | Killed a centaur warrior
 17950 | D:11     | Noticed a boulder beetle
 17965 | D:11     | Killed a boulder beetle
 17966 | D:11     | Reached skill level 10 in Long Blades
 17968 | D:11     | Killed an orc knight
 17968 | D:11     | Noticed a centaur warrior
 18157 | D:11     | Identified the +0 cloak "Ifaext" {-Tele Rampage Fly Will+}
 18158 | D:11     | >:(
 18210 | D:11     | Killed a centaur warrior
 18666 | D:12     | Noticed a cyclops
 18878 | D:12     | Noticed a manticore
 18893 | D:12     | Noticed a green ugly thing
 18980 | D:13     | Noticed a two-headed ogre
 18980 | D:13     | Noticed a manticore
 18986 | D:13     | Killed a manticore
 18987 | D:13     | Killed a two-headed ogre
 18988 | D:13     | Reached skill level 7 in Air Magic
 19715 | D:13     | Noticed a cyclops
 19721 | D:13     | Killed a cyclops
 19722 | D:13     | Reached skill level 5 in Armour
 19975 | D:13     | Noticed a manticore
 20088 | D:9      | Bought a potion of experience for 850 gold pieces
 20088 | D:9      | Reached XP level 12. HP: 89/89 MP: 20/22
 20591 | D:8      | Found a staircase to the Lair.
 21522 | Lair:1   | Entered Level 1 of the Lair of Beasts
 21533 | Lair:1   | Gained mutation: You can hop long distances. [Barachi
                  | growth]
 21533 | Lair:1   | Reached XP level 13. HP: 94/94 MP: 23/23
 21973 | Lair:1   | Reached skill level 8 in Air Magic
 22155 | Lair:1   | oh
 22155 | Lair:1   | oh
 22164 | Lair:1   | :)
 22505 | Lair:1   | Noticed Gastronok
 23217 | Lair:2   | Learned a level 4 spell: Airstrike
 23222 | Lair:2   | Learned a level 4 spell: Summon Lightning Spire
 24199 | Lair:3   | Found a shadowy altar of Dithmenos.
 24215 | Lair:3   | Found a hole to the Spider Nest.
 24339 | Lair:3   | Reached skill level 9 in Air Magic
 25188 | Lair:3   | Noticed Fannar
 25449 | Lair:3   | Killed Fannar
 25722 | Lair:4   | Found a frozen archway.
 25795 | IceCv    | Entered an ice cave
 26033 | IceCv    | Reached skill level 5 in Summonings
 27152 | IceCv    | Noticed an ice dragon
 27162 | IceCv    | haha
 27570 | IceCv    | Killed an ice dragon
 27788 | IceCv    | Identified the ring "Dedute Juemi" {Fly rPois MP+9}
 28109 | Lair:4   | Found a blossoming altar of Fedhas.
 28121 | Lair:4   | Reached skill level 10 in Air Magic
 28603 | D:8      | Bought a crude leather armour for 182 gold pieces
 28603 | D:8      | Identified the +1 leather armour "Fufrut" {Rampage rPois
                  | Regen+} (You bought it in a shop on level 8 of the Dungeon)
 28721 | Lair:4   | Reached XP level 14. HP: 101/101 MP: 17/27
 29222 | Lair:4   | Reached skill level 10 in Spellcasting
 29337 | Lair:4   | Found a staircase to the Shoals.
 29352 | Lair:4   | Reached skill level 11 in Air Magic
 31567 | Lair:6   | Entered Level 6 of the Lair of Beasts
 31875 | Lair:6   | Reached skill level 12 in Air Magic
 32725 | Lair:6   | Reached XP level 15. HP: 103/113 MP: 30/30
 33957 | Lair:6   | Reached skill level 10 in Fighting
 34207 | Lair:6   | Reached skill level 13 in Air Magic
 34769 | Lair:6   | Found a staircase to the Slime Pits.
 35685 | Lair:6   | Found a corrupted altar of Lugonu.
 35685 | Lair:6   | Found a one-way gate to the infinite horrors of the Abyss.
 35694 | Lair:6   | Got the Grimoire of Gliding Calling
 36007 | D:9      | Bought 2 potions of experience for 1700 gold pieces
 36007 | D:9      | Reached skill level 1 in Necromancy
 36007 | D:9      | Reached XP level 16. HP: 124/124 MP: 32/32
 36008 | D:9      | Reached XP level 17. HP: 130/130 MP: 33/33
 36019 | D:9      | Bought a scroll of teleportation for 60 gold pieces
 36660 | D:12     | Learned a level 6 spell: Dispersal
 36664 | D:12     | Learned a level 3 spell: Mephitic Cloud
 37443 | D:14     | Found Fyaled's Armour Shoppe.
 37446 | D:14     | You are sucked into a shaft and drop 1 floor!
 37446 | D:15     | Entered Level 15 of the Dungeon
 37761 | D:14     | Found a hazy altar of Hepliaklqana.
 37978 | D:14     | Found a gate to the Vaults.
 39228 | D:14     | Found Uplyful's Armour Shop.
 39363 | D:15     | Reached skill level 14 in Air Magic
 39373 | D:15     | Reached XP level 18. HP: 88/139 MP: 15/35
 39603 | D:15     | Found a broken altar of Ashenzari.
 39626 | D:15     | Found a snail-covered altar of Cheibriados.
 40051 | D:15     | Found a staircase to the Depths.
 40905 | D:15     | Identified a scroll of acquirement
 40909 | D:15     | Acquired 843 gold pieces
 40914 | D:15     | Bought a book of Burglary for 420 gold pieces
 40921 | D:15     | Learned a level 6 spell: Conjure Ball Lightning
 40921 | D:15     | lol
 40926 | D:15     | Learned a level 2 spell: Passwall
 40930 | D:15     | Learned a level 3 spell: Swiftness
 41466 | Orc:1    | Entered Level 1 of the Orcish Mines
 41466 | Orc:1    | Noticed Harold
 41477 | Orc:1    | Killed Harold
 41641 | Orc:2    | Entered Level 2 of the Orcish Mines
 41646 | Orc:2    | Reached skill level 5 in Shields
 41659 | Orc:2    | haha yes
 42155 | Orc:2    | Found a staircase to the Elven Halls.
 42410 | Orc:2    | Found Jineol's Magic Scroll Boutique.
 42451 | Orc:2    | Noticed Erolcha
 42455 | Orc:2    | Killed Erolcha
 42457 | Orc:2    | nice club
 42562 | Orc:2    | Found a radiant altar of Vehumet.
 42588 | Orc:2    | Found Livusudov's Antique Armour Shop.
 42612 | Orc:2    | Reached skill level 10 in Conjurations
 42634 | Orc:2    | Noticed Nergalle
 42636 | Orc:2    | Found an ancient bone altar of Kikubaaqudgha.
 42642 | Orc:2    | Killed Nergalle
 42808 | Orc:2    | Found Hijirhokh's Antique Weapon Shop.
 42822 | Orc:2    | Found Ziakk's Book Boutique.
 43030 | Orc:2    | Found Cauwko's General Store.
 43931 | Elf:1    | Entered Level 1 of the Elven Halls
 43931 | Elf:1    | Found Emuym's General Store.
 44007 | Elf:1    | Bought a wand of paralysis (11) for 221 gold pieces
 44107 | Elf:1    | Paralysed by an air elemental for 1 turns
 44113 | Elf:1    | Paralysed by an air elemental for 1 turns
 44122 | Elf:1    | Reached skill level 10 in Translocations
 44379 | Elf:1    | Found Oplitom's Antique Weapon Shop.
 44404 | Elf:1    | Paralysed by an air elemental for 1 turns
 44810 | Elf:1    | Found Miori's Book Shop.
 44816 | Elf:1    | Bought a book of Cantrips for 192 gold pieces
 44818 | Elf:1    | Learned a level 1 spell: Apportation
 44825 | Elf:1    | Found Asuloura's Jewellery Shop.
 45613 | Elf:1    | Reached skill level 15 in Air Magic
 45781 | Elf:1    | Found Fegaho's Assorted Antiques.
 45790 | Elf:1    | Bought a marble ring for 185 gold pieces
 45790 | Elf:1    | Bought a runed wooden ring for 185 gold pieces
 45792 | Elf:1    | Bought a wand of iceblast (13) for 148 gold pieces
 46129 | Elf:2    | Found Qetiqa's Armour Emporium.
 46138 | Elf:2    | Upgraded the game from 0.28-a0-726-g4a9143789a to
                  | 0.28-a0-730-g892d06dc2c
 46716 | Elf:2    | Noticed Jorgrun
 46729 | Elf:2    | Killed Jorgrun
 47548 | Elf:2    | Found a runed translucent gate.
 47885 | Elf:2    | Paralysed by an air elemental for 1 turns
 48176 | Elf:2    | Found a runed translucent gate.
 48177 | Elf:2    | Found a runed translucent gate.
 48536 | Elf:2    | Reached XP level 19. HP: 112/148 MP: 9/37
 48988 | Elf:2    | damn
 49735 | Elf:2    | Identified the +2 flail of Subterfuge {flame, +Blink}
 49819 | Elf:1    | Learned a level 5 spell: Manifold Assault
 49829 | Elf:1    | Learned a level 8 spell: Maxwell's Capacitive Coupling
 49888 | Elf:1    | Bought a scroll of teleportation for 51 gold pieces
 49888 | Elf:1    | Bought a scroll of teleportation for 51 gold pieces
 50166 | Lair:1   | Killed Gastronok
 50374 | Spider:1 | Entered Level 1 of the Spider Nest
 50669 | Spider:1 | Reached skill level 15 in Spellcasting
 50691 | Spider:1 | Reached skill level 16 in Air Magic
 50772 | Spider:1 | Learned a level 4 spell: Olgreb's Toxic Radiance
 50822 | Spider:1 | Noticed Frances
 50827 | Spider:1 | Killed Frances
 52251 | Spider:1 | Identified the +2 broad axe "Hask" {vorpal, Int+4}
 52606 | Spider:2 | ol owned
 53562 | Spider:1 | Acquired a +2 pair of gloves of strength
 55056 | Spider:3 | Noticed Azrael
 55599 | Spider:3 | Killed Azrael
 55701 | Spider:3 | Reached skill level 5 in Poison Magic
 56846 | Spider:3 | Reached XP level 20. HP: 139/157 MP: 22/39
 57129 | Spider:4 | Entered Level 4 of the Spider Nest
 57604 | Spider:3 | Reached skill level 17 in Air Magic
 58638 | Spider:4 | Reached skill level 15 in Fighting
 58638 | Spider:4 | lol
 59851 | Spider:4 | Got a gossamer rune of Zot
 60128 | D:8      | Bought a fine plate armour for 728 gold pieces
 60128 | D:8      | Identified the +1 plate armour of Ciacam {rElec Will+ Int+4
                  | Stlth+} (You bought it in a shop on level 8 of the Dungeon)
 60128 | D:8      | almost based
 60140 | D:8      | Bought a pair of smoking gloves for 218 gold pieces
 60140 | D:8      | Identified the +2 pair of gloves of Going Fast {*Slow rPois
                  | rC+ Str+9} (You bought it in a shop on level 8 of the
                  | Dungeon)
 60140 | D:8      | O_O
 60348 | D:5      | Killed dolemite99's ghost
 60355 | D:5      | lol owned
 60634 | D:10     | Killed pigah's ghost
 60763 | Vaults:1 | Entered Level 1 of the Vaults
 60778 | Vaults:1 | god damnit
 61195 | D:8      | Bought a heavily runed ring mail for 207 gold pieces
 61195 | D:8      | Identified the +1 ring mail "Xusus" {rN+ Regen+} (You
                  | bought it in a shop on level 8 of the Dungeon)
 61417 | Vaults:1 | lol
 62048 | Vaults:1 | Found Adaogac's Book Shop.
 62143 | Vaults:1 | Reached skill level 18 in Air Magic
 62797 | Vaults:1 | Cast into level 3 of the Abyss (a deep elf sorcerer)
 62798 | Abyss:3  | goddamn
 62994 | Abyss:3  | Gained mutation: Armour fits poorly on your strangely
                  | shaped body. [a neqoxec]
 63015 | Vaults:1 | Escaped the Abyss
 63066 | Vaults:1 | Lost mutation: Armour fits poorly on your strangely shaped
                  | body. [potion of mutation]
 63066 | Vaults:1 | Gained mutation: You possess an exceptional clarity of
                  | mind. [potion of mutation]
 63066 | Vaults:1 | Gained mutation: Your mind is acute. (Int +2) [potion of
                  | mutation]
 63067 | Vaults:1 | woot
 63398 | Vaults:1 | Found Ickohi's Distillery.
 63896 | Vaults:1 | Reached skill level 5 in Stealth
 64052 | Vaults:1 | Reached XP level 21. HP: 159/171 MP: 41/42
 64192 | Vaults:2 | Noticed Boris
 64630 | Vaults:2 | Killed Boris
 64632 | Vaults:2 | lol
 66523 | Vaults:3 | Reached skill level 19 in Air Magic
 66530 | Vaults:3 | Cast into level 2 of the Abyss (a wizard)
 66776 | Abyss:2  | Found a runed translucent gate.
 66776 | Abyss:2  | Found a runed translucent gate.
 66776 | Abyss:2  | Found a runed translucent gate.
 66789 | Abyss:2  | Found a runed translucent gate.
 66789 | Abyss:2  | Found a runed translucent gate.
 66790 | Abyss:2  | Found a runed translucent gate.
 66895 | Abyss:3  | Found a corrupted altar of Lugonu.
 66897 | Abyss:3  | Found a corrupted altar of Lugonu.
 66914 | Abyss:3  | Learned a level 4 spell: Cause Fear
 67368 | Vaults:3 | Escaped the Abyss
 67368 | Vaults:3 | Slain by a red ugly thing

Illustrated notes ... ....... #.# ....... ... ....... #.# ....... #.# ....... #.# ....... #.# ....... #.# ####### #@# #.# #.# ############ #.# #...(....... #.# #.########## #.# #.# #.#####.# #.......# #.####### Turn 15511 on D:9: hgnhhhhhhhhhhhhhhhhhhhhhhhhhhhhhhhhhhhhhhhhhhhhhhhhhhhhhhhhhhhhhhhhhhhhhhhhhhhhhhhhhhhhhhhhhhh ####......# ######.# #.# #.# #.# #.# #.# #.# #@# #############)# #.............# #.############# #.# #.# #.# #.# #.# Turn 15936 on D:10: haha what the fuck is this #.#.# # #...# # ##..# # #..###### # ### #...#.[.# # #♣8♣# ##..#...# # #.=[# #.......# # ##+## #.......# # #...# ####..@....# #...# #...^..#...# ##.#####......##### #............# #######......# ######.# #.# #.# #.# Turn 16832 on D:10: nope #.. #...# #.. #...# #.. #...# #.<.# ########.# #≈....$#.# #..≈≈≈...# $ #.≈≈≈≈≈..# # #@≈≈≈≈≈).##.# #.≈≈≈≈≈...(.# $ #..≈≈≈......# #≈.....#....# ########....# .....# .....# .....# ....# Turn 16872 on D:11: >:( #.# #........... #.# #.!.!....... #.# #........... #.# #........... #.# #........... #.# #........... #.# #.......... #.# #.(....# # #.# #$.@$..# ..# #. #.# #..$...# #..# #.. #.# #[.....# #..# #... #.###......# #..# .... #......##$.# #..# #. #......##..# #..# #. ######)##..# #..# #. #<##..####..# ##. #.##.^?....># #.##. Turn 18158 on D:11: >:( ##..................# #...................# .....................P #.##PP....####.###....# ..# ###....# #.# #..... .## #....## #.###..... ..#..###.....# #.##...... .............# #......... ........@....###...##.#.. ).b..........#.#...####.. .............#......#.#.. ..............).......... .............#........... .............#........... .............#....>...... .....^........#..#####.## .............##..#######. Turn 22155 on Lair:1: oh .......?..P #............ ......................... .P........#.##PP....####. #.........# ###....# #. #........#### #....## #. ##........#..###.....# #. .....................# #. .....................###. ≈≈≈≈≈≈..@............#.#. ##≈##≈...............#... #≈................).. #≈...............#... #≈...............#... #≈...............#... ≈≈≈................#.. ..................##.. $ ...............P....... Turn 22164 on Lair:1: :) ######## #..Z...#### #.Z...#......## .kZ. ##.##...# $$ .D $ ###..##### $$ #.##...# $$$ $ $$ $#...@#.## $ $$$$ ##.###..## ### ##..#### ##....#### ##......### ######...## ###..## ##..## ###.... Turn 27162 on IceCv: haha ### ##### #.# #...# #.######...# #..........####### #############..........#_#...#### ...................####≈≈≈....... #+####'#...........# #≈≈≈≈≈...... #......#...........# #≈≈.≈≈....## #......#........@..# #≈≈≈≈≈....# #......+...........# #.≈≈≈.....# #......+....(......# ##........# #......#...#######.# ##.#.....# #......#...# #.# #.......# ########...# #<#######.....## ...........# #............... #####......# ###......####### ....'......# #......#...... Turn 40921 on D:15: lol #......... ##........ . #.$$.$...#. #........... ##.......#... ##.......#...# ##...........## ###....$........# #..$.$.$@........ ................# ......$.$.......# ...#...$$.......# ....$...$.......# ......$....#....# ..............$.# .....#........... ....$.##.#......# Turn 41659 on Orc:2: haha yes ####### #####≈≈≈§§##### #§≈≈§§§≈≈≈§§§≈# #§≈§§§≈≈≈§§.##.. ###8.≈≈≈.$$.'..8 ###.........8.#... # §#......)...$$.'... # #≈§##..≈≈≈..@≈≈≈$.#... ### #§§#∩.#####..≈##### ..###§≈##..≈§≈...§# ...##§§§#........§# .##.≈##≈###......§# .##.§##§§§####...§# ....§≈≈≈§§§§§)..§§# ..........))....§§# ........§).)))8§.≈# Turn 42457 on Orc:2: nice club .........# #..#... .......''####### ####.^#... .......[.$.....## #.....#... ......##.....⌠..## #.....#... .... #..$......## #.....#... .. #..$.......###.....#... #...$[......##.....#.). #.⌠..........#.....#... #....[@......#.....#... ##..........⌠#.....#... ##..........#.....#... ##........(#.....#... ##......).#.....#... ##..⌠..........#... ############.......)... #..............(...#... #......).......).[.#### Turn 48988 on Elf:2: damn #....#.^ #... #......##..$# #..$...#....## #............# #............## #....#...s..... #.....$........ #...<#.$....... #.....@....^... ##...........^. ############## Turn 52606 on Spider:2: ol owned

,,^,,,**,,≈**###......^..,**
,,,,,*******##^..........,,*
,,,,,,***####............,,****
,,,,,,,,*#.#^.................*
^,,,,,,,,#^....^.............##
,,,,,,≈#^#.................^..###
,^,,,,.#......$..^..............#
,,,^^,...^..^....^.......<......#
,,,,,,^.......$^@...............#
,,,,,,........^.....$.......^...#
,,,,,,^.........................#
,,,,,,......^.)..^............^^#
,,,,,,.....^..................#.*
,,,,,,........................#**
,,,,,,...^....................##
,,,,,,.............^<.........^#
,,,,,^.......................###


Turn 58638 on Spider:4: lol ### ####### #.## #.##..############
.#.####..#.##..........## ...#.#.#.........###....## ## #................#
####..#### ##. ..........###.#### #.##...###.. ........##.####.# #######...##
...#...####....### ####.# .#....#.# ####.#@# ### ###.##### #.>## ########## ####
#........# #........# ### #### #........# #.# #... #.[......## ##.# #...
#.........#####..# #... #####............#### #... Turn 60128 on D:8: almost
based ##### ### ####### #...# ##.## #.##..############ #.#.#
#.#.####..#.##..........# ##...####...#.#.#.........###....
.'###..###................# ####. .###.#..........@..###.#### #.# .#
#....(........##.####.# ### ####........#...####....### #...##.#.#....#.#
####.#∩# ###########.##### #.>## ########## #### #........# #........# ###
#........# #.# Turn 60140 on D:8: O_O #.........#......#...........'.
#.........#......#...........#. #..(......#......#...........#.
#.........#'#######'###......#. #.....................#......#.
#.....>...............'......'. #.....................##'#####.
#.............................. #.............@................
#...........................>.. #..............................
#.............................. #..............................
#.......(.###'#####'####...[... #.........#............#......#
#.........#............#......# #.........#............#......# Turn 60355 on
D:5: lol owned ## #. #. . ## .## ...# ##.# #... ##..#.p#.# #.@pc.p.# ##$.#..#.#
##.# #..p .## ...# . ## #. #. ## Turn 60778 on Vaults:1: god damnit ## #. #. .
## .## ...# ##$# #... ##.$#.$#.# #.@$$$$.# ##$.#..#.# ##$# #... .## ...# . ## #.
#. ## Turn 61417 on Vaults:1: lol . .. .. .##. ..... .... ##..##### #...'@..#
.......#......... #..... #...#..... #.##. ##.#.#'### # ..#.. ...... ... ... ..#.
#.. ..... .. Turn 62798 on Abyss:3: goddamn ..##..+..##..# ......# ....
......#......# #......# .... ..)...#......# #......#####'### ###)#####'####
#......#.......# ......#......# #..... #.......# ......#......# #.... #.......#
..##..'..##..#####''#####.......# ..##..#..##..).[.#...#...#......#
......#......#..@'...'...'......# ..[...#......#...#?(.#...#.##.###
###############'###'###'##.##.## #..)#..(#...#.##..# #...'.[.'...#.###.# .
#.$$#...#...#...#.# .. ####$#########.#...# ... #..$$$...#####.#)∩.## ....
#........#........... Turn 63067 on Vaults:1: woot #. ###### ########. #..... ##
#.....##. #..... .### #.....##. #..... ...### #.....##. #..... .....###.....##.
#..... .......'.....##'###### #..... .......'.....'$$$....# #####'
......##.....###@..### #. ......##.....# #8.8# #. .....###....$# ......# ##
.....# #.....#.#8.8#.# ## ...(## #.....###...# # #. ##..# #.....# .$... #. ####
#.e...# ###### ## #e..§.# #.....# ######## ######### Turn 64632 on Vaults:2: lol

Levels and vault maps discovered:
D:1:      minmay_arrival_three_doors, layout_rooms, minmay_bisected
D:2:      layout_basic, basic_altar, ebering_ecumenical_altar_petrified,
          grunt_decor_arrowhead
D:3:      layout_basic, serial_shops, shop, shop, shop,
          nicolae_shop_statue_plus, kennysheep_another_room
D:4:      layout_cave_pools, lightli_sewer_entry_pipes, uniq_crazy_yiuf_cottage,
          uniq_blork_the_orc
D:5:      layout_gridville, uniq_eustachio, uniq_sigmund
D:6:      layout_basic, biasface_ghost_orc_armoury, minmay_divided_ellipse
D:7:      cheibrodos_helix_gallery, layout_basic,
          nicolae_overflow_crystal_walls, overflow_temple_1_default,
          minmay_temple_entry_drinking_statues, uniq_joseph
D:8:      layout_rooms, chequers_temple_overflow_statue_of_worship,
          erik_lair_dragon, serial_shops, nicolae_diamond_shop
D:9:      layout_basic, serial_shops, shop, dk_noncrumbling_4
D:10:     layout_basic, mainiacjoe_overflow_catch_the_wave,
          gammafunk_ghost_grave
D:11:     layout_long_grid, orc_0_dummy, serial_shops, nicolae_lakefront_shop
D:12:     layout_gridville
D:13:     layout_roguey
D:14:     argonaut_augean_stables, layout_irregular_city,
          lightli_vaults_fourway_checkpoint, serial_shops, shop,
          kennysheep_mini, chequers_decorated_corner,
          nicolae_hepliaklqana_monster_ancestors
D:15:     grunt_enter_depths_giant_problem, layout_irregular_city,
          ashenzari_conservatory_becter, kennysheep_slug_shrine
Temple:   eino_temple_scatter_basement
Lair:1:   layout_gridlike, lemuel_fruit_fields, uniq_gastronok
Lair:2:   layout_chaotic_city
Lair:3:   layout_chaotic_city, spider_nest_entry_a, basic_altar, uniq_fannar
Lair:4:   layout_roguey [special_room_bee], minmay_shoals_entry_hut,
          portal_ice_cave_entry_ice_simulacra, hangedman_tree_tricks,
          eino_small_chamber_without_monster, roderic_batcave,
          beast_lair_carwin_6
Lair:5:   layout_concentric_octagons, special_room [special_room_mythical_zoo],
          infiniplex_staircase_pool_2, lemuel_fruit_tree
Lair:6:   hellmonk_lair_end_abyssal_woods, layout_cellular_growth,
          dpeg_slime_entry_corner, chequers_serial_rivers_micro_b
Spider:1: layout_chambers, uniq_frances
Spider:2: layout_spider_delve, spiders_nest_spider_trap
Spider:3: layout_spider_delve, nicolae_spider_undead_wolf_pack, uniq_azrael
Spider:4: grunt_spider_rune_circles
Orc:1:    layout_caves, uniq_harold
Orc:2:    kennysheep_orc_mage_school, layout_caves, serial_shops,
          nicolae_shop_trees
Elf:1:    layout_gridlike, serial_shops,
          nicolae_shop_competitors_out_of_business, shop_statue,
          nicolae_shop_trees, nicolae_lakefront_shop, shop_statue,
          hangedman_elven_crosses_minicolossus, grunt_ministairs_15
Elf:2:    nicolae_elf_blades_crystal_corner, layout_onion_city, serial_shops,
          shop, uniq_jorgrun
Vaults:1: st_more_cells, hangedman_vaults_snaps,
          nicolae_vaults_stairing_the_circle, vaults_standard_mumra_x,
          grunt_vaults_twisty, nicolae_vaults_twisting_passages,
          nicolae_vaults_triangles, v_misc_15, v_alt_pattern_3,
          grunt_vaults_diagonal, layout_vaults_maze_bifur, serial_shops, shop,
          nicolae_shop_stone
Vaults:2: nicolae_vaults_little_ls, v_misc_27, ontoclasm_vaults_chip,
          ontoclasm_vaults_misaligned, grunt_vaults_focal, kb_rosetta,
          grunt_vaults_funnel, nicolae_vaults_hallways_thing,
          hangedman_vaults_nails, v_misc_19, v_misc_19, v_misc_3,
          layout_vaults_omnicross, uniq_boris
Vaults:3: ploomutoo_gammafunk_ghost_potion_laboratory,
          ontoclasm_vaults_ring_large, ontoclasm_vaults_misaligned,
          ontoclasm_vaults_idyll, v_alt_pattern_2,
          minmay_crypt_entry_simple_plaza, nicolae_vaults_alarming, v_misc_32,
          nicolae_vaults_three_branches, nicolae_vaults_specimen_jars,
          layout_vaults_omnigrid, uniq_sojobo

Skill      XL: |  1  2  3  4  5  6  7  8  9 10 11 12 13 14 15 16 17 18 19 20 21 |
---------------+----------------------------------------------------------------+-----
Long Blades    | 3 4 5 7 8 9 10 11 12 | 12.4
Air Magic      | 1 2 3 4 5 6 7 10 12 13 14 15 16 18 19 | 19.2
Fighting       | 3 4 5 6 9 10 11 12 14 16 | 16.8
Translocations | 4 5 6 7 8 9 10 11 | 11.3
Conjurations   | 1 2 3 5 6 8 9 10 | 10.5
Armour         | 2 3 4 5 6 7 |  7.0
Stealth        | 1 2 3 4 5 |  5.0
Dodging        | 3 4 6 7 8 |  8.9
Throwing       | 2 3 4 |  4.1
Spellcasting   | 3 4 5 6 7 9 11 12 13 14 15 17 18 | 18.1
Evocations     | 1 2 3 |  3.0
Hexes          | 2 3 |  3.3
Summonings     | 2 5 7 8 |  8.4
Transmutations | 2 |  2.9
Fire Magic     | 2 |  2.9
Ice Magic      | 2 3 |  3.2
Poison Magic   | 2 5 |  5.2
Shields        | 2 3 4 7 |  7.8
Necromancy     | 1 |  1.0

Action                   |  1- 3 |  4- 6 |  7- 9 | 10-12 | 13-15 | 16-18 | 19-21 || total
-------------------------+-------+-------+-------+-------+-------+-------+-------++-------
Melee: Falchion          |   119 |   216 |     4 |    33 |       |       |       ||   372
       Long sword        |       |       |   155 |    67 |    20 |       |       ||   242
       Staff             |       |       |       |     1 |    60 |     6 |     6 ||    73
       Double sword      |       |       |       |       |   101 |    30 |   205 ||   336
 Fire: Hunting sling     |       |     1 |       |       |       |       |       ||     1
Throw: Dart              |     2 |    53 |    27 |    35 |     4 |       |     4 ||   125
       Boomerang         |       |     5 |       |       |    18 |       |    11 ||    34
 Cast: Static Discharge  |     3 |    27 |   145 |   147 |    47 |    25 |       ||   394
       Blink             |     1 |     6 |     1 |     9 |     6 |     3 |    10 ||    36
       Lightning Bolt    |       |       |       |    17 |    33 |    18 |       ||    68
       Airstrike         |       |       |       |       |   249 |   253 |   207 ||   709
       Summon Lightning  |       |       |       |       |   113 |    20 |     6 ||   139
       Mephitic Cloud    |       |       |       |       |       |    13 |     3 ||    16
       Conjure Ball Ligh |       |       |       |       |       |    92 |    77 ||   169
       Maxwell's Capacit |       |       |       |       |       |       |   189 ||   189
       Olgreb's Toxic Ra |       |       |       |       |       |       |    33 ||    33
       Manifold Assault  |       |       |       |       |       |       |     7 ||     7
       Dispersal         |       |       |       |       |       |       |     4 ||     4
       Apportation       |       |       |       |       |       |       |     7 ||     7
Invok: Call Merchant     |       |       |       |       |     1 |     4 |     1 ||     6
 Abil: Hop               |       |     2 |     1 |     5 |     5 |     2 |     7 ||    22
Evoke: Wand              |       |     9 |    10 |    19 |    31 |    15 |    29 ||   113
       Condenser vane    |       |       |       |     1 |     1 |     2 |     5 ||     9
       Phial of floods   |       |       |       |     1 |       |     1 |     3 ||     5
       Phantom mirror    |       |       |       |       |       |       |     1 ||     1
  Use: Potion            |     2 |     3 |     4 |     3 |     6 |     1 |     7 ||    26
       Scroll            |     1 |     8 |     8 |    10 |    12 |     7 |    15 ||    61
 Stab: Sleeping          |       |     1 |     1 |     3 |       |       |       ||     5
       Distracted        |       |       |       |     2 |     7 |     1 |     1 ||    11
       Paralysed         |       |       |       |       |       |       |     2 ||     2
       Confused          |       |       |       |       |       |       |     2 ||     2
Armor: Leather armour    |    47 |   102 |   117 |   132 |   193 |   104 |   257 ||   952
       Skin              |       |       |       |     3 |       |       |       ||     3
       Ring mail         |       |       |       |       |       |       |    66 ||    66
Dodge: Dodged            |   123 |   208 |   221 |   231 |   423 |   112 |   704 ||  2022
Block: Buckler           |       |       |       |       |       |    33 |   210 ||   243

Table legend: (Time is in decaauts)
 A = Elapsed time spent in this place.
 B = Non-inter-level travel time spent in this place.
 C = Inter-level travel time spent in this place.
 D = Time resting spent in this place.
 E = Time spent auto-exploring this place.
 F = Levels seen in this place.
 G = Mean time per level.
                   A        B        C        D        E       F      G
               +--------+--------+--------+--------+--------+-----+--------+
         Total |  72908 |  68195 |   4713 |  18079 |  36454 |  38 | 1918.6 |
       Dungeon |  29671 |  26890 |   2781 |   6938 |  14926 |  15 | 1978.1 |
        Temple |    248 |    239 |      9 |      0 |    202 |   1 |  248.0 |
          Lair |  13872 |  13070 |    802 |   2399 |   8028 |   6 | 2312.0 |
   Spider Nest |  10144 |   9806 |    338 |   2984 |   5241 |   4 | 2536.0 |
  Orcish Mines |   2810 |   2589 |    221 |    389 |   1662 |   2 | 1405.0 |
   Elven Halls |   6348 |   6080 |    268 |   2156 |   3088 |   2 | 3174.0 |
        Vaults |   5345 |   5054 |    291 |   1306 |   2582 |   3 | 1781.7 |
         Abyss |   1170 |   1170 |      0 |    126 |      0 |   3 |  390.0 |
         Sewer |   1138 |   1138 |      0 |    445 |    342 |   1 | 1138.0 |
      Ice Cave |   2157 |   2157 |      0 |   1334 |    380 |   1 | 2157.0 |
               +--------+--------+--------+--------+--------+-----+--------+

Top non-repeatable levels by time:
  Lair:6: 4229 daAuts
   Elf:1: 3691 daAuts
     D:6: 3502 daAuts
Spider:3: 3162 daAuts
Vaults:1: 2809 daAuts
Spider:1: 2746 daAuts
     D:7: 2714 daAuts
   Elf:2: 2657 daAuts
  Lair:5: 2398 daAuts
    D:14: 2372 daAuts
Vaults:2: 2321 daAuts
Spider:2: 2297 daAuts
     D:5: 2279 daAuts
     D:8: 2252 daAuts
   IceCv: 2157 daAuts
